 Dungeon Crawl Stone Soup version 0.26-a0-651-gb41185065b (webtiles) character file.

Game seed: 1363536330456411075

214 Mesmaeker13 the Magician (level 5, -1/28 HPs)
             Began as a Deep Elf Air Elementalist on Oct 19, 2020.
             Killed from afar by Dowan (29 damage)
             ... with a shard of ice
             ... on level 4 of the Dungeon.
             The game lasted 00:03:44 (3860 turns).

Mesmaeker13 the Magician (DEAE)                     Turns: 3860, Time: 00:03:45

Health: -1/28      AC:  2    Str:  5    XL:     5   Next: 60%
Magic:  12/14      EV: 14    Int: 21    God:
Gold:   133        SH:  0    Dex: 15    Spells: 9/13 levels left

rFire    . . .     SeeInvis .   w - +2 short sword (freeze)
rCold    . . .     Faith    .   (no shield)
rNeg     . . .     Spirit   .   a - +0 robe
rPois    +         Reflect  .   (no helmet)
rElec    .         Harm     .   (no cloak)
rCorr    .         Rampage  .   (no gloves)
MR       .....                  (no boots)
Stlth    ++........             l - amulet of the acrobat
HPRegen  0.09/turn              (no ring)
MPRegen  0.14/turn              u - ring of poison resistance

@: no status effects
A: no striking features
a: no special abilities


You were on level 4 of the Dungeon.
You visited 1 branch of the dungeon, and saw 4 of its levels.

You collected 133 gold pieces.

Inventory:

Hand Weapons
 w - a +2 short sword of freezing (weapon)
Missiles
 h - 10 poisoned darts (quivered)
Armour
 a - a +0 robe (worn)
Jewellery
 l - an amulet of the acrobat (around neck)
 u - a ring of poison resistance (right hand)
Wands
 p - a wand of paralysis (3)
Scrolls
 c - 2 scrolls of remove curse
 d - a scroll of teleportation
 f - 2 scrolls of amnesia
 i - a scroll of random uselessness {unknown}
 j - a scroll of identify {unknown}
 n - 2 scrolls of magic mapping {unknown}
 q - a scroll of noise {unknown}
Potions
 b - a potion of ambrosia {unknown}
 e - a potion of lignification {unknown}
 g - a potion of resistance {unknown}
 k - 3 potions of heal wounds {unknown}
 o - a potion of haste {unknown}
 r - a potion of degeneration {unknown}
 s - a potion of flight {unknown}
 t - a potion of might {unknown}
 v - 3 potions of stabbing {unknown}


   Skills:
 + Level 4.1 Dodging
 - Level 2.4 Stealth
 + Level 4.7 Spellcasting
 + Level 3.1 Conjurations
 + Level 4.1 Air Magic


You had 9 spell levels left.
You knew the following spells:

 Your Spells              Type           Power        Failure   Level
a - Shock                 Conj/Air       ###.         2%          1
b - Static Discharge      Conj/Air       ###.....     8%          3

Your spell library contained the following spells:

 Spells                   Type           Power        Failure   Level
 Swiftness                Air            ###.....     3%          2
 Airstrike                Air            ###.......   21%         4
 Lightning Bolt           Conj/Air       ###.......   56%         5


Dungeon Overview and Level Annotations

Branches:
Dungeon (4/15)
 Temple: D:4-7

Altars:

Annotations:
D:3 1 runed translucent door, p0werm0de's ghost, amateur GrFi
D:4 1 runed translucent door, Dowan


Message History

The zap hits Dowan.
Dowan is moderately wounded.
Unknown command.
Throwing (i - inventory)
h - 11 poisoned darts (quivered)
Press: ? - help, Shift-Dir - straight line, f - Dowan
Aim: Dowan, wielding a +0 dagger, wearing a +0 robe and carrying a wand of digging (5) (moderately wounded, fast)
You throw a poisoned dart. The poisoned dart barely misses Dowan.
Unknown command.
Dowan mumbles some strange words.
Dowan blinks!
Casting: Shock (safe; 2% risk of failure)
Confirm with . or Enter, or press ? or * to list all spells.
Aiming: Shock (safe; 2% risk of failure)
Press: ? - help, Shift-Dir - straight line, f/p - Dowan
Aim: Dowan, wielding a +0 dagger, wearing a +0 robe and carrying a wand of digging (5) (moderately wounded, fast)
The zap misses Dowan.
Dowan points at you and mumbles some strange words.
The shard of ice hits you!!
Ouch! That really hurt!
You die...

#.#
######.####
#......(..#
#.........
#......#
#...e..###
####.....#
###.###.#
#..@# .#
########.#
.
#.....<#.#
##
#.######.#
#.# #.# #.#
#)# #.# #.#
##.######.#
#......)..#


You could see Dowan (fast).

Vanquished Creatures
  Duvessa (D:4)
  A worker ant (D:4)
  5 adders
  An ooze (D:1)
  A worm (D:3)
  2 dart slugs
  An orc (D:4)
  A giant cockroach (D:1)
  6 hobgoblins
  10 bats
  3 frilled lizards
  6 goblins (D:1)
  4 kobolds (D:1)
42 creatures vanquished.

Notes
Turn   | Place    | Note
-------+----------+-------------------------------------------
     0 | D:1      | Mesmaeker13 the Deep Elf Air Elementalist began the quest
                  | for the Orb.
     0 | D:1      | Reached XP level 1. HP: 10/10 MP: 6/6
   436 | D:1      | Reached XP level 2. HP: 15/15 MP: 6/8
  1321 | D:1      | Reached XP level 3. HP: 19/19 MP: 8/10
  1519 | D:2      | Learned a level 3 spell: Static Discharge
  2812 | D:3      | Found a runed translucent door.
  2815 | D:3      | Noticed p0werm0de's ghost (amateur GrFi)
  2829 | D:3      | Reached XP level 4. HP: 24/24 MP: 4/11
  3578 | D:4      | Found a runed translucent door.
  3580 | D:4      | Noticed Duvessa
  3613 | D:4      | Killed Duvessa
  3613 | D:4      | Reached XP level 5. HP: 18/28 MP: 3/14
  3854 | D:4      | Noticed Dowan
  3860 | D:4      | Killed from afar by Dowan

Illustrated notes

Levels and vault maps discovered:
D:1:      minmay_arrival_solitary_statue, layout_basic, minmay_misc_feat_encased
D:2:      layout_basic
D:3:      layout_loops_cross, hellmonk_ghost_happy_afterlife
D:4:      corexii_shantytown, layout_basic, minitemple, ebering_ghost_sewer_f,
          uniq_grinder, uniq_duvessa, uniq_sigmund, uniq_blork_the_orc

Skill      XL: |  1  2  3  4 |
---------------+-------------+-----
Dodging        | 3 4 |  4.1
Conjurations   | 2 3 |  3.1
Spellcasting   | 4 |  4.7
Air Magic      | 4 |  4.1
Stealth        | |  2.4

Action                   |  1- 3 |  4- 6 || total
-------------------------+-------+-------++-------
Throw: Dart              |       |     6 ||     6
 Cast: Shock             |    85 |    25 ||   110
       Static Discharge  |     2 |     2 ||     4
Evoke: Wand              |       |     5 ||     5
  Use: Scroll            |     4 |       ||     4
Armor: Robe              |     2 |       ||     2
Dodge: Dodged            |     8 |     1 ||     9

Table legend: (Time is in decaauts)
 A = Elapsed time spent in this place.
 B = Non-inter-level travel time spent in this place.
 C = Inter-level travel time spent in this place.
 D = Time resting spent in this place.
 E = Time spent auto-exploring this place.
 F = Levels seen in this place.
 G = Mean time per level.
                   A        B        C        D        E       F      G
               +--------+--------+--------+--------+--------+-----+--------+
         Total |   3856 |   3736 |    120 |   1156 |   2242 |   4 |  964.0 |
       Dungeon |   3856 |   3736 |    120 |   1156 |   2242 |   4 |  964.0 |
               +--------+--------+--------+--------+--------+-----+--------+

Top non-repeatable levels by time:
     D:1: 1475 daAuts
     D:2: 1131 daAuts
     D:3: 849 daAuts
     D:4: 400 daAuts
